 Dungeon Crawl Stone Soup version 0.21-a0-91-ga5031da (webtiles) character file.

68 KristoblXynda the Slasher (level 4, -1/34 HPs)
             Began as a Vampire Berserker on June 28, 2017.
             Was a Follower of Trog.
             Slain by an adder (4 damage)
             ... on level 2 of the Dungeon.
             The game lasted 00:01:42 (1117 turns).

KristoblXynda the Slasher (Vampire Berserker)       Turns: 1117, Time: 00:01:43

Health: -1/34      AC:  2    Str: 17    XL:     4   Next: 1%
Magic:  4/4        EV: 13    Int:  9    God:    Trog [*.....]
Gold:   19         SH:  0    Dex: 13    Spells: 3/3 levels left

rFire    . . .     SeeInvis +   a - +0 falchion
rCold    + . .     Gourm    .   (no shield)
rNeg     + + .     Faith    .   b - +0 animal skin
rPois    +         Spirit   .   (no helmet)
rElec    .         Reflect  .   (no cloak)
rCorr    .         Harm     .   (no gloves)
MR       .....                  (no boots)
Stlth    +++.......             (no amulet)
HPRegen  0.05/turn              (no ring)
MPRegen  0.09/turn              (no ring)

@: regenerating slowly
A: fangs 3, see invisible, unbreathing
a: Bat Form, Berserk, Burn Spellbooks, Renounce Religion


You were on level 2 of the Dungeon.
You worshipped Trog.
Trog was aware of your devotion.
You were thirsty.

You visited 1 branch of the dungeon, and saw 2 of its levels.

You collected 19 gold pieces.

Inventory:

Hand Weapons
 a - a +0 falchion (weapon)
Armour
 b - a +0 animal skin (worn)
Jewellery
 e - a +4 ring of intelligence {unknown}
Scrolls
 d - 3 scrolls of identify {unknown}
 g - a scroll of magic mapping {unknown}
 h - a scroll of amnesia {unknown}
 i - a scroll of teleportation {unknown}
Potions
 c - 11 potions of blood
 f - a potion of curing {unknown}


   Skills:
 - Level 2.6 Fighting
 + Level 3.8 Long Blades
 + Level 2.0 Armour
 + Level 2.9 Dodging
 + Level 2.4 Stealth


You had 3 spell levels left.
You didn't know any spells.

Dungeon Overview and Level Annotations

Branches:
Dungeon (2/15)

Altars:


Innate Abilities, Weirdness & Mutations

You heal slowly.
You have razor-sharp teeth.
You have supernaturally acute eyesight. (SInv)
You can survive without breathing.


Message History

You feel better.
You feel slightly less thirsty.
The adder is severely wounded.
The adder bites you.
* * * LOW HITPOINT WARNING * * *
Unknown command.
Okay, then.
You barely miss the adder.
The adder is severely wounded.
The adder bites you.
* * * LOW HITPOINT WARNING * * *
The adder barely misses you.
You riposte.
You barely miss the adder.
The adder is severely wounded.
You miss the adder.
The adder is severely wounded.
The adder bites you.
* * * LOW HITPOINT WARNING * * *
You closely miss the adder.
The adder is severely wounded.
The adder bites you.
You die...

.##.##<)..#
.#.<....#.# #.###..#
.#.#....#.####......##
......................
..........##.........
##.#......##........
#.#..##..##.#....#
#........##.#.#S.##
###.#.#........@..#
#.#.#..##.......#
#[#.#...........#
#.#.(..>.....####
#......####..#
#......# #=.#
........#.# ...#
...............##
.###......#r...#


You could see an adder.

Vanquished Creatures
  Jessica (D:2)
  2 adders (D:2)
  2 leopard geckos (D:1)
  4 bats (D:1)
  3 goblins (D:1)
  2 hobgoblins (D:1)
  A quokka (D:2)
  3 frilled lizards (D:1)
  3 kobolds
  3 rats (D:1)
24 creatures vanquished.

Notes
Turn   | Place    | Note
-------+----------+-------------------------------------------
     0 | D:1      | KristoblXynda the Vampire Berserker began the quest for the Orb.
     0 | D:1      | Reached XP level 1. HP: 17/17 MP: 1/1
   225 | D:1      | Reached XP level 2. HP: 18/23 MP: 2/2
   578 | D:1      | Reached skill level 1 in Stealth
   985 | D:2      | Noticed Jessica
   994 | D:2      | Killed Jessica
   994 | D:2      | Reached XP level 3. HP: 20/28 MP: 3/3
  1033 | D:2      | Reached XP level 4. HP: 17/34 MP: 4/4
  1117 | D:2      | Slain by an adder

Vault maps used:
D:1:      kilobyte_arrival_exit_the_forest
D:2:      old_standard_altar, uniq_sigmund, uniq_terence, uniq_jessica

Skill      XL: |  1  2 |
---------------+-------+-----
Stealth        | 2 |  2.4
Armour         | 2 |  2.0
Fighting       | |  2.6
Long Blades    | |  3.8
Dodging        | |  2.9

Action                   |  1- 3 |  4- 6 || total
-------------------------+-------+-------++-------
Melee: Falchion          |    53 |    10 ||    63
       Bite              |     7 |     1 ||     8
 Stab: Sleeping          |     3 |       ||     3
Armor: Animal skin       |    11 |     1 ||    12
Dodge: Dodged            |    42 |     5 ||    47
       Rpst.: Falchion   |    15 |     2 ||    17
